 Dungeon Crawl Stone Soup version 0.32-a0-18-g89e19f1974 (webtiles) character file.

Game seed: 9536453542866144142

12 Monkooky the Sneak (level 2, -2/24 HPs)
             Began as a Mummy Delver on Jan 16, 2024.
             Slain by an adder (4 damage)
             ... on level 4 of the Dungeon.
             The game lasted 00:01:14 (384 turns).

Monkooky the Sneak (Mummy Delver)                    Turns: 384, Time: 00:01:15

Health: -2/24      AC:  3    Str: 15    XL:     2   Next: 20%
Magic:  2/2        EV: 11    Int:  9    God:
Gold:   26         SH:  0    Dex: 13    Spells: 1/1 levels left

rFire   x . .        a - +0 falchion
rCold   + . .        (no shield)
rNeg    + + +        b - +0 leather armour
rPois   ∞            (no helmet)
rElec   .            (no cloak)
rCorr   .            (no gloves)
SInv    .            (no boots)
Will    .....        (no amulet)
Stlth   ++           (no ring)
HPRegen 0.24/turn    (no ring)
MPRegen 0.08/turn

%: faith
@: no status effects
A: cold resistance 1, negative energy resistance 3, torment resistance 2, heat
vulnerability 1, in touch with death 1, no potions, faith
a: no special abilities


You were on level 4 of the Dungeon.
You visited 1 branch of the dungeon, and saw 2 of its levels.

You collected 26 gold pieces.

Inventory:

Hand Weapons
 a - a +0 falchion (weapon)
Armour
 b - a +0 leather armour (worn)
Wands
 f - a wand of digging (3)
Scrolls
 c - a scroll of fog


   Skills:
 - Level 3.1 Fighting
 + Level 1.9 Long Blades
 - Level 1.7 Dodging
 - Level 4.2 Stealth


You had one spell level left.
You didn't know any spells.
Your spell library was empty.

Dungeon Overview and Level Annotations

Branches:
Dungeon (5/15)
 Temple: D:4-7

Altars:

Annotations:
D:4 exclusion: ogre
D:5 exclusion: gnoll


Innate Abilities, Weirdness & Mutations

You are immune to poison.
Your flesh is cold resistant. (rC+)
You are immune to negative energy. (rN+++)
You are immune to unholy pain and torment.
You are vulnerable to heat. (rF-)
You are in touch with the powers of death.
You do not drink.
You have a special connection with the divine. (Faith)


Message History

The endoplasm hits you but does no damage.
Found 14 gold pieces and a scroll labelled MIVUAT TASH.
The endoplasm hits you.
The endoplasm attacks as it pursues you!
The endoplasm misses you.
The adder hisses angrily.
The endoplasm attacks as it pursues you!
The endoplasm hits you. The adder closely misses you.
The adder bites you but does no damage. The adder attacks as it pursues you!
The adder bites you.
* * * LOW HITPOINT WARNING * * *
The endoplasm attacks as it pursues you!
The endoplasm hits you.
* * * LOW HITPOINT WARNING * * *
The adder attacks as it pursues you! The adder misses you. The adder bites you.
* * * LOW HITPOINT WARNING * * *
The adder attacks as it pursues you! The adder closely misses you.
You barely miss the adder. The adder closely misses you.
You closely miss the adder. The adder completely misses you.
The adder closely misses you.
As you read the scroll of revelation, it crumbles to dust.
You feel aware of your surroundings. The adder bites you but does no damage.
Found a leather armour.
You hit the adder but do no damage. The adder bites you.
* * * LOW HITPOINT WARNING * * *
The adder closely misses you.
You miss the adder. The adder closely misses you.
You hit the adder.
The adder is lightly wounded.
The adder bites you but does no damage. The adder bites you.
* * * LOW HITPOINT WARNING * * *
You hit the adder.
The adder is moderately wounded.
The adder misses you.
You closely miss the adder.
The adder is moderately wounded.
The adder bites you.
* * * LOW HITPOINT WARNING * * *
The adder bites you.
You die...

#............$..,*,*,
####...............,*,*,
####...............,*,*,
####...............,*,*,
####...............,*,*,
####...............,*,*,
####...............,*,*,
#########o.........,*,*,
##.....@SJ..?..####**,*,
##.############# *,*,
##[############ *,*,
##.############ *,**
##.############ *,,,
##.############*********
##.............,,,,,,,,,
###############*********


You could see an adder, an orc and an endoplasm.

Vanquished Creatures
  An adder (D:5)
  An orc (D:5)
  A kobold (D:4)
3 creatures vanquished.

Notes
Turn   | Place    | Note
-------+----------+-------------------------------------------
     0 | D:5      | Monkooky the Mummy Delver began the quest for the Orb.
     0 | D:5      | Reached XP level 1. HP: 18/18 MP: 1/1
   150 | D:5      | Reached XP level 2. HP: 22/24 MP: 2/2
   279 | D:4      | Noticed an ogre
   384 | D:4      | Slain by an adder

Illustrated notes

Levels and vault maps discovered:
D:4:      layout_basic, tso_altar
D:5:      layout_basic, mainiacjoe_overflow_paths, okawaru_metal_pillars_1_2,
          minmay_temple_entry_fiery, uniq_crazy_yiuf_cottage

Action                     || total
---------------------------++-------
  Melee: Falchion          ||    19
    Use: Scroll            ||     2
 Armour: Leather armour    ||    22
  Dodge: Dodged            ||    14

Table legend: (Time is in decaauts)
 A = Elapsed time spent in this place.
 B = Non-inter-level travel time spent in this place.
 C = Inter-level travel time spent in this place.
 D = Time resting spent in this place.
 E = Time spent auto-exploring this place.
 F = Levels seen in this place.
 G = Mean time per level.
                   A        B        C        D        E       F      G
               +--------+--------+--------+--------+--------+-----+--------+
         Total |    387 |    379 |      8 |      4 |    262 |   2 |  193.5 |
       Dungeon |    387 |    379 |      8 |      4 |    262 |   2 |  193.5 |
               +--------+--------+--------+--------+--------+-----+--------+

Top non-repeatable levels by time:
     D:5: 280 daAuts
     D:4: 107 daAuts
